 Dungeon Crawl Stone Soup version 0.27.0-1-g7a089689b8 (webtiles) character file.

Game seed: 16721140578504862649

305 Rallik the Magician (level 6, -1/46 HPs)
             Began as a Djinni Conjurer on Aug 6, 2021.
             Was a Follower of Wu Jian.
             Slain by Pikel (11 damage)
             ... on level 4 of the Dungeon.
             The game lasted 00:04:38 (3906 turns).

Rallik the Magician (Djinni Conjurer)               Turns: 3906, Time: 00:04:38

Health: -1/46      AC:  2    Str:  6    XL:     6   Next: 66%
Gold:   134        EV: 12    Int: 22    God:    Wu Jian [*.....] SH:  0 Dex: 11

rFire    + + .     SeeInvis .   j - +1 dagger (elec)
rCold    x . .     Faith    .   (no shield)
rNeg     + + .     Spirit   .   h - +0 robe of Gravity {rN+ Will+}
rPois    ∞         Reflect  .   (no helmet)
rElec    .         Harm     .   (no cloak)
rCorr    .         Rampage  .   (no gloves)
Will     +....                  (boots unavailable)
Stlth    ++........             (no amulet)
HPRegen  0.15/turn              i - ring of positive energy
MPRegen  0.00/turn              (no ring)

@: flying
A: sickness immunity, fire resistance 2, cold vulnerability 1, float, innate
caster, hp casting, extra vitality 1
a: Renounce Religion


You were on level 4 of the Dungeon.
You worshipped Wu Jian.
Wu Jian was aware of your devotion.
You visited 1 branch of the dungeon, and saw 4 of its levels.

You collected 134 gold pieces.

Inventory:

Hand Weapons
 j - a +1 dagger of electrocution (weapon)
Armour
 a - a +0 robe
 h - the +0 robe of Gravity (worn) {rN+ Will+}
   (You found it on level 4 of the Dungeon)

   rN:        It protects you from negative energy.
   Will:      It increases your willpower.
Jewellery
 e - an amulet of faith
 i - a ring of positive energy (left hand)
Scrolls
 b - 4 scrolls of identify {unknown}
 g - a scroll of brand weapon {unknown}
Potions
 c - a potion of brilliance {unknown}
 d - a potion of curing {unknown}
 f - 2 potions of heal wounds {unknown}


   Skills:
 - Level 3.0 Fighting
 - Level 2.1 Dodging
 - Level 1.5 Stealth
 + Level 5.2 Spellcasting


You couldn't memorise any spells.
You knew the following spells:

 Your Spells              Type           Power      Damage    Failure   Level
a - Magic Dart            Conj           100%       1d8       1%          1
b - Searing Ray           Conj           58%        3d5       1%          2
c - Dazzling Flash        Conj/Hex       58%        N/A       3%          3
d - Fulminant Prism       Conj/Hex       14%        3d9       11%         4
e - Iskenderun's Mystic   Conj/Tloc      29%        2d7       11%         4
f - Summon Small Mammal   Summ           100%       N/A       1%          1
g - Blink                 Tloc           N/A        N/A       1%          2
Your spell library was empty.

Dungeon Overview and Level Annotations

Branches:
Dungeon (4/15)
 Temple: D:4-7

Altars:
Cheibriados
Wu Jian
Yredelemnul

Annotations:
D:3 1 runed translucent door, pikapanic92's ghost, weakling HOFi
D:4 Pikel


Innate Abilities, Weirdness & Mutations

You are immune to sickness and miasma.
You are immune to poison.
Your flesh is very heat resistant. (rF++)
You are vulnerable to cold. (rC-)
You float through the air rather than walking.
You learn spells naturally, not from books.
Your magical power is your life essence.
You have superior vitality. (+4 HP)


Message History

Aiming: Searing Ray (safe; 1% risk of failure)
Press: ? - help, Shift-Dir - straight line, f/p - Pikel
Aim: Pikel, wielding a +0 whip of freezing, wearing a +0 robe and carrying a wand of iceblast (7) (moderately wounded, 74% to hit)
The searing ray hits Pikel!
Pikel is heavily wounded.
The searing ray hits the lemure.
The lemure is severely wounded.
The searing ray hits the lemure.
The lemure is lightly wounded. (Press . to maintain the ray.) Pikel hits you with a +0 whip of freezing!
Pikel freezes you.
Casting: Searing Ray (safe; 1% risk of failure)
Confirm with . or Enter, or press ? or * to list all spells.
Aiming: Searing Ray (safe; 1% risk of failure)
Press: ? - help, Shift-Dir - straight line, f/p - Pikel
Aim: Pikel, wielding a +0 whip of freezing, wearing a +0 robe and carrying a wand of iceblast (7) (heavily wounded, 74% to hit)
The searing ray hits Pikel!
Pikel is severely wounded.
The searing ray hits the lemure!
The lemure is heavily wounded.
The searing ray hits the lemure.
The lemure is lightly wounded. (Press . to maintain the ray.) Pikel drinks a potion.
Pikel goes berserk!
Okay, then.
Unknown command.
Casting: Searing Ray (safe; 1% risk of failure)
Confirm with . or Enter, or press ? or * to list all spells.
The spell is quite dangerous to cast (11% risk of failure)!
Continue anyway?
You erupt in a blast of force!
The mystic blast hits the lemure.
The lemure is severely wounded.
The lemure is knocked back by the mystic blast.
The lemure collides with the lemure!
The mystic blast hits Pikel.
Pikel is severely wounded.
Pikel is knocked back by the mystic blast.
Pikel collides with the lemure!
* * * LOW HITPOINT WARNING * * *
Pikel hits you with a +0 whip of freezing!
You die...

#.# #...# #.#
#...# # #.#.#
#. #.#.# #.
#.#.# #.#
#.#.# #..
#...#
######.##...#
...5.55K@._.#
######.##...#
#.. ........
#..##.#.####
#.. #.#.# #..
#.#.# #..
#.#.# #.. ..


You could see Pikel (berserk) and 3 lemures.

Vanquished Creatures
  A water moccasin skeleton (D:3)
  2 jellies
  An iguana (D:4)
  2 orc wizards (D:4)
  A hound skeleton (D:4)
  3 adders (D:3)
  3 dart slugs
  5 orcs
  4 bats
  4 endoplasms (D:1)
  4 giant cockroaches
  5 goblins
  6 hobgoblins
  2 jackals (D:1)
  10 kobolds
  5 quokkas
  8 ball pythons
  7 rats
73 creatures vanquished.

Vanquished Creatures (others)
  A fungus (D:4)
1 creature vanquished.

Grand Total: 74 creatures vanquished

Notes
Turn   | Place    | Note
-------+----------+-------------------------------------------
     0 | D:1      | Rallik the Djinni Conjurer began the quest for the Orb.
     0 | D:1      | Reached XP level 1. HP: 15/15 MP: 0/0
   283 | D:1      | Reached XP level 2. HP: 18/21 MP: 0/0
   602 | D:1      | Reached XP level 3. HP: 19/25 MP: 0/0
   602 | D:1      | Learned a level 1 spell: Summon Small Mammal
   863 | D:1      | Reached skill level 4 in Spellcasting
  1704 | D:2      | Found a snail-covered altar of Cheibriados.
  2328 | D:2      | Reached XP level 4. HP: 27/31 MP: 0/0
  2667 | D:3      | Found a runed translucent door.
  2704 | D:3      | Noticed pikapanic92's ghost (weakling HOFi)
  2938 | D:3      | Reached skill level 1 in Fighting
  2978 | D:3      | Reached XP level 5. HP: 22/38 MP: 0/0
  2978 | D:3      | Learned a level 2 spell: Blink
  3287 | D:3      | Found a faded altar of an unknown god.
  3297 | D:3      | Became a worshipper of the Wu Jian Council
  3297 | D:3      | Reached * piety under Wu Jian
  3402 | D:4      | Reached XP level 6. HP: 25/45 MP: 0/0
  3539 | D:4      | Identified the +0 robe of Gravity {rN+ Will+}
  3584 | D:4      | Reached skill level 5 in Spellcasting
  3890 | D:4      | Found a basalt altar of Yredelemnul.
  3897 | D:4      | Noticed Pikel
  3906 | D:4      | Slain by Pikel

Illustrated notes

Levels and vault maps discovered:
D:1:      lemuel_arrival_cross, layout_loops_corners, minmay_pentomino_v4
D:2:      layout_basic, basic_altar, mrwooster_statue_mirror,
          hangedman_decor_opposing
D:3:      layout_rooms, ebering_ghost_sewer_d, chequers_ecumenical_altar_simple,
          st_stairs_2
D:4:      layout_loops_ring, mainiacjoe_overflow_boulevard, uniq_pikel

Skill      XL: |  1  2  3  4  5  6 |
---------------+-------------------+-----
Spellcasting   | 4 5 |  5.2
Fighting       | 1 2 3 |  3.0
Dodging        | |  2.1
Stealth        | |  1.5

Action                   |  1- 3 |  4- 6 || total
-------------------------+-------+-------++-------
 Cast: Magic Dart        |    75 |    66 ||   141
       Searing Ray       |       |    12 ||    12
       Iskenderun's Myst |       |     1 ||     1
Armor: Robe              |     1 |     4 ||     5
Dodge: Dodged            |     4 |     9 ||    13
